 Dungeon Crawl Stone Soup version 0.28.0-53-g5a82cb258f (webtiles) character file.

Game seed: 140864038086199134

49 Revguard the Ducker (level 3, -1/27 HPs)
             Began as a Demonspawn Gladiator on June 28, 2022.
             Slain by an adder (3 damage)
             ... on level 2 of the Dungeon.
             The game lasted 00:03:07 (1808 turns).

Revguard the Ducker (Demonspawn Gladiator)          Turns: 1808, Time: 00:03:09

Health: -1/27      AC:  4    Str: 16    XL:     3   Next: 51%
Magic:  4/4        EV: 12    Int: 11    God:
Gold:   77         SH:  0    Dex: 12    Spells: 3/3 levels left

rFire   + . .      SeeInvis .   a - +0 long sword
rCold   . . .      Faith    .   (no shield)
rNeg    . . .      Spirit   .   b - +0 leather armour
rPois   .          Reflect  .   c - +0 helmet
rElec   .          Harm     .   (no cloak)
rCorr   .          Rampage  .   (no gloves)
Will    .....                   (no boots)
Stlth   +.........              (no amulet)
HPRegen 0.09/turn               (no ring)
MPRegen 0.09/turn               (no ring)

@: lethally poisoned (-1 -> -8), unable to read
A: big brain 1, clumsy 1, fire resistance 1, inability to read while threatened
a: no special abilities


You were on level 2 of the Dungeon.
You visited 1 branch of the dungeon, and saw 2 of its levels.

You collected 77 gold pieces.

Inventory:

Hand Weapons
 a - a +0 long sword (weapon)
Missiles
 d - 3 throwing nets (quivered)
Armour
 b - a +0 leather armour (worn)
 c - a +0 helmet (worn)
Scrolls
 e - 3 scrolls of identify {unknown}
 f - a scroll of teleportation {unknown}
Potions
 h - a potion of heal wounds {unknown}
 i - a potion of ambrosia {unknown}


   Skills:
 + Level 2.2 Fighting
 + Level 2.9 Long Blades
 - Level 1.7 Throwing
 * Level 0.7 Armour
 + Level 3.1 Dodging
 * Level 0.8 Spellcasting
 + Level 0.2 Transmutations
 + Level 0.3 Air Magic
 + Level 1.1 Invocations
 - Level 0.3 Evocations


You had 3 spell levels left.
You didn't know any spells.
Your spell library contained the following spells:

 Spells                   Type           Power      Damage    Failure   Level
 Beastly Appendage        Tmut           2%         N/A       36%         1
 Wereblood                Tmut           1%         N/A       50%         2
 Spider Form              Tmut/Pois      0%         N/A       75%         3


Dungeon Overview and Level Annotations

Branches:
Dungeon (2/15)

Altars:


Innate Abilities, Weirdness & Mutations

You have an unusually large brain. (Int +2)
You are clumsy. (Dex -2)
Your flesh is heat resistant. (rF+)
You sometimes lose the ability to read scrolls when taking damage.


Message History

The bat closely misses you.
You hit the bat.
The bat is severely wounded.
The bat closely misses you. The bat hits you but does no damage.
You barely miss the bat.
The bat is severely wounded.
The bat closely misses you. The bat hits you but does no damage.
You barely miss the bat.
The bat is severely wounded.
The bat hits you but does no damage. The bat closely misses you.
The bat hits you but does no damage.
You hit the bat.
You kill the bat!
The frilled lizard unfolds its giant frill.
You hit the adder but do no damage. The adder closely misses you.
The adder bites you.
You barely miss the adder. The adder bites you but does no damage.
The adder closely misses you.
You miss the adder. The adder misses you.
You closely miss the adder. The adder bites you.
You are poisoned.
The adder poisons you! The adder barely misses you.
You hit the adder.
The adder is heavily wounded.
* * * LOW HITPOINT WARNING * * *
You feel sick. The adder barely misses you. The adder closely misses you.
You closely miss the adder.
The adder is heavily wounded.
* * * LOW HITPOINT WARNING * * *
You feel sick. The adder bites you.
* * * LOW HITPOINT WARNING * * *
You are more poisoned.
The adder poisons you!
It was a potion of mutation.
You feel extremely strange.
You lose the ability to read scrolls when threatened.
You feel clumsy.
You feel resistant to heat.
* * * LOW HITPOINT WARNING * * *
You feel sick. The adder bites you but does no damage. The adder bites you.
You feel threatened and lose the ability to read scrolls!
You die...

...#..........#....##.# #...# #.#
...#####..........###.#####.###.#
...# ##>...#.##............##.#
...#######.#....####.#..........#
...##......###...............#..#
##.##.##...........#.##......#...
............##..............##..
..>........###.#.##...######..
..........lKS@................
....####''####............##..
...##........##..>.........#..
..##.....†....##..............
#............##.............
.......l......##............
.......).......##...........
............... #...........
.............). #...........


You could see an adder, a kobold and a frilled lizard.

Vanquished Creatures
  An adder (D:2)
  2 worms (D:2)
  2 endoplasms (D:1)
  A giant cockroach (D:1)
  4 goblins (D:1)
  6 hobgoblins
  2 kobolds
  3 quokkas
  2 ball pythons
  6 bats
  A frilled lizard (D:2)
  A rat (D:1)
31 creatures vanquished.

Vanquished Creatures (others)
  A plant (D:2)
1 creature vanquished.

Grand Total: 32 creatures vanquished

Notes
Turn   | Place    | Note
-------+----------+-------------------------------------------
     0 | D:1      | Revguard the Demonspawn Gladiator began the quest for the
                  | Orb.
     0 | D:1      | Reached XP level 1. HP: 16/16 MP: 1/1
   372 | D:1      | Gained mutation: You have an unusually large brain. (Int
                  | +2) [demonic ancestry]
   372 | D:1      | Reached XP level 2. HP: 22/22 MP: 2/2
   920 | D:1      | Reached skill level 1 in Invocations
  1236 | D:2      | Reached skill level 3 in Dodging
  1338 | D:2      | Reached XP level 3. HP: 24/27 MP: 3/3
  1808 | D:2      | Gained mutation: You sometimes lose the ability to read
                  | scrolls when taking damage. [potion of mutation]
  1808 | D:2      | Gained mutation: You are clumsy. (Dex -2) [potion of
                  | mutation]
  1808 | D:2      | Gained mutation: Your flesh is heat resistant. (rF+)
                  | [potion of mutation]
  1808 | D:2      | Slain by an adder

Illustrated notes

Levels and vault maps discovered:
D:1:      zelgadis_glass_arrival_small, layout_loops_corners,
          hangedman_glass_teeth
D:2:      kennysheep_big_flooded_room, layout_rooms, serial_bayou_pond_c

Skill      XL: |  1  2 |
---------------+-------+-----
Invocations    | 1 |  1.1
Dodging        | 3 |  3.1
Fighting       | |  2.2
Long Blades    | |  2.9
Throwing       | |  1.7
Armour         | |  0.7
Spellcasting   | |  0.8
Transmutations | |  0.2
Air Magic      | |  0.3
Evocations     | |  0.3

Action                   || total
-------------------------++-------
Melee: Long sword        ||   109
       Punch             ||     1
  Use: Potion            ||     1
Armor: Leather armour    ||    62
Dodge: Dodged            ||   119
